 Dungeon Crawl Stone Soup version 0.27.1-1-g398f81649c (webtiles) character file.

Game seed: 6916596582069688982

33 speeev33 the Skirmisher (level 3, 0/33 HPs)
             Began as a Hill Orc Fighter on Sept 5, 2021.
             Succumbed to an adder's poison
             ... on level 2 of the Dungeon.
             The game lasted 00:01:07 (1213 turns).

speeev33 the Skirmisher (Hill Orc Fighter)          Turns: 1213, Time: 00:01:08

Health: 0/33       AC:  9    Str: 19    XL:     3   Next: 29%
Magic:  3/3        EV:  5    Int:  8    God:
Gold:   59         SH:  9    Dex: 10    Spells: 2/2 levels left

rFire    . . .     SeeInvis .   a - +0 war axe
rCold    . . .     Faith    .   c - +0 kite shield
rNeg     . . .     Spirit   .   i - +0 chain mail
rPois    .         Reflect  .   (no helmet)
rElec    .         Harm     .   (no cloak)
rCorr    .         Rampage  .   (no gloves)
Will     .....                  (no boots)
Stlth    ..........             (no amulet)
HPRegen  0.11/turn              (no ring)
MPRegen  0.08/turn              (no ring)

@: lethally poisoned (0 -> -6)
A: no striking features
a: no special abilities


You were on level 2 of the Dungeon.
You visited 1 branch of the dungeon, and saw 2 of its levels.

You collected 59 gold pieces.

Inventory:

Hand Weapons
 a - a +0 war axe (weapon)
Armour
 c - a +0 kite shield (worn)
 i - a +0 chain mail (worn)
Potions
 d - a potion of might
 e - a potion of invisibility {unknown}
 f - a potion of haste {unknown}
 g - a potion of curing {unknown}
 h - a potion of lignification {unknown}


   Skills:
 + Level 4.2 Fighting
 + Level 3.5 Axes
 - Level 3.2 Armour
 + Level 3.8 Shields


You had 2 spell levels left.
You didn't know any spells.
Your spell library was empty.

Dungeon Overview and Level Annotations

Branches:
Dungeon (2/15)

Altars:


Message History

The adder poisons you! The adder bites you.
You miss the adder.
The adder is moderately wounded.
You feel very sick. The adder bites you.
You are more poisoned.
The adder poisons you! You block the adder's attack.
You miss the adder.
The adder is moderately wounded.
You feel very sick. The adder bites you but does no damage.
The adder bites you.
You are more poisoned.
The adder poisons you!
You closely miss the adder.
The adder is moderately wounded.
You feel very sick. The adder bites you.
You are lethally poisoned!
The adder poisons you! You block the adder's attack.
You are too injured to fight recklessly!
You are too injured to fight recklessly!
You are too injured to fight recklessly!
You are too injured to fight recklessly!
You are too injured to fight recklessly!
You are too injured to fight recklessly!
There is a lethal amount of poison in your body!
You slash the adder!
The adder is almost dead.
* * * LOW HITPOINT WARNING * * *
You feel very sick. The adder bites you but does no damage.
You block the adder's attack.
You hit the adder.
You kill the adder!
* * * LOW HITPOINT WARNING * * *
You feel very sick.
* * * LOW HITPOINT WARNING * * *
You feel sick.
There is an open door here.
You see here an adder corpse.
You die...

#######################.#.#
......g.................#.#######
###.####.####.####.####.#........
#.#.K'.+.[#.#..'.+..#†#.#######
#.#..#.#..#.#..#.#..#.#........
+##.#+##.#'##.#+##.#'##.#.#######
........................#........
†##.#+##.#'##.#†##.#'##.#.#######
..#.# #.#..#.#.@#.#..#.#........
..+.+ #.#..+.+..#.#.⌠#.#..#####.
###.# #.####.####.####.#..# ...
... ... ... ..#..# ### ### ###
########.<###### .........†....
######..#)#... #.##.# . #. ##


There were no monsters in sight!

Vanquished Creatures
  An adder (D:2)
  A dart slug (D:1)
  2 endoplasms
  A giant cockroach (D:1)
  3 goblins
  2 hobgoblins
  A quokka (D:1)
  3 ball pythons
  2 bats (D:1)
  A frilled lizard (D:1)
  A kobold (D:1)
  2 rats
20 creatures vanquished.

Notes
Turn   | Place    | Note
-------+----------+-------------------------------------------
     0 | D:1      | speeev33 the Hill Orc Fighter began the quest for the Orb.
     0 | D:1      | Reached XP level 1. HP: 19/19 MP: 1/1
   306 | D:1      | Found a faded altar of an unknown god.
   350 | D:1      | Reached XP level 2. HP: 26/27 MP: 2/2
   762 | D:1      | Reached skill level 4 in Fighting
  1173 | D:2      | Reached XP level 3. HP: 32/33 MP: 3/3
  1212 | D:2      | HP: 1/33 [poisoned by an adder]
  1213 | D:2      | Succumbed to an adder's poison

Illustrated notes

Levels and vault maps discovered:
D:1:      erik_arrival_orb_chamber, layout_loops_ring,
          ebering_ecumenical_altar_sacrificial, serial_rivers,
          chequers_serial_rivers_room_b, chequers_serial_rivers_room_b,
          chequers_serial_rivers_micro_e, chequers_serial_rivers_room_b
D:2:      minmay_door_path, layout_basic, minmay_between

Skill      XL: |  1  2 |
---------------+-------+-----
Axes           | 3 |  3.5
Fighting       | 4 |  4.2
Armour         | |  3.2
Shields        | |  3.8

Action                   || total
-------------------------++-------
Melee: War axe           ||    71
  Use: Scroll            ||     1
Armor: Scale mail        ||    29
       Chain mail        ||     3
Dodge: Dodged            ||    21
Block: Kite shield       ||    44
